 Dungeon Crawl Stone Soup version 0.18.1-50-g88ac8fd (webtiles) character file.

156 tyranidshit the Skirmisher (level 5, 0/52 HPs)
             Began as a Deep Dwarf Fighter on Sept 21, 2016.
             Slain by an adder (2 damage)
             ... on level 4 of the Dungeon.
             The game lasted 00:03:51 (2156 turns).

tyranidshit the Skirmisher (Deep Dwarf Fighter)     Turns: 2156, Time: 00:03:52

Health: 0/52       AC:  3    Str: 22 (23) XL:     5   Next: 14%
Magic:  5/5        EV:  7    Int:  9      God:
Gold:   211        SH: 10    Dex: 16      Spells: 0 memorised, 4 levels left

rFire  . . .     SeeInvis .     a - +0 war axe
rCold  . . .     Gourm    .     b - +0 scale mail
rNeg   . . .     Faith    .     c - +0 shield
rPois  .         Spirit   .     (no helmet)
rElec  +         Dismiss  .     (no cloak)
rCorr  .         Reflect  .     (no gloves)
SustAt .         Harm     .     (no boots)
MR     .....                    (no amulet)
Stlth  ..........               n - +3 ring of strength
                                j - +2 ring of dexterity

@: non-regenerating, not resistant to hostile enchantments, extremely unstealthy
A: damage resistance, recharge devices, agile 1, deformed body, sense
surroundings 1, electricity resistance, slow regeneration 3
a: Device Recharging


You were on level 4 of the Dungeon.
You were not hungry.

You visited 1 branch of the dungeon, and saw 4 of its levels.

You collected 211 gold pieces.

Inventory:

Hand Weapons
 a - a +0 war axe (weapon)
Armour
 b - a +0 scale mail (worn)
 c - a +0 shield (worn)
Jewellery
 f - an uncursed amulet of inaccuracy
 j - a +2 ring of dexterity (left hand)
 n - a +3 ring of strength (right hand)
Wands
 e - a wand of heal wounds (4/9)
Scrolls
 g - a scroll of immolation {unknown}
 h - a scroll of teleportation
 i - a scroll of identify {unknown}
 r - a scroll of fog {unknown}
Potions
 d - a potion of might
 k - 2 potions of magic {unknown}
 q - a potion of lignification
Comestibles
 l - 7 fruits
 m - 3 meat rations
 o - 3 bread rations
 p - 2 beef jerkies


   Skills:
 + Level 5.3 Fighting
 - Level 2.1 Axes
 - Level 3.2 Armour
 - Level 3.2 Shields


You had 4 spell levels left.
You didn't know any spells.

Dungeon Overview and Level Annotations

Branches:
Dungeon (4/15)
 Temple: D:4-7

Altars:
Ashenzari
Kikubaaqudgha
Xom
Zin

Shops:
D:4 ?


Innate Abilities, Weirdness & Mutations

You are resistant to damage.
You can recharge devices by infusing magical energy.
You passively map a small area around you.
You do not regenerate naturally.
You are agile. (Dex +2)
Armour fits poorly on your strangely shaped body.
You are resistant to electric shocks.


Message History

You hit the adder.
The adder is lightly wounded.
The adder bites you but does no damage. The adder bites you.
You block the ogre's attack.
You hit the ogre.
The ogre is heavily wounded.
You closely miss the adder.
The adder is lightly wounded.
You miss the adder. You block the adder's attack. x2
The ogre hits you with a giant spiked club!
The adder bites you but does no damage. The adder barely misses you.
You completely miss the ogre.
The ogre is heavily wounded.
You hit the adder.
The adder is moderately wounded.
You closely miss the adder. The adder barely misses you. x2
The ogre hits you with a giant spiked club!!
* * * LOW HITPOINT WARNING * * *
The adder bites you.
You die...

,
##...#.##.*
, *
........ ,
,....... *
..... ,....
###..# ,,
#.SSO#,, *
* #..@.##
#...$.#
##.#####,
#.##, #.# *
#.# , , , ,
, #.# *# ,
, * #.## ,
.., *
##.#####.#,
* *


You could see an ogre and 2 adders.

Vanquished Creatures
  A howler monkey (D:3)
  3 adders
  A worm (D:3)
  2 dart slugs (D:1)
  4 giant geckos
  3 orcs
  2 ball pythons
  3 giant cockroaches
  6 goblins
  10 hobgoblins
  14 jackals
  6 kobolds
  7 bats (D:1)
  4 giant newts
  6 rats
72 creatures vanquished.

Notes
Turn   | Place    | Note
--------------------------------------------------------------
     0 | D:1      | tyranidshit the Deep Dwarf Fighter began the quest for the Orb.
     0 | D:1      | Reached XP level 1. HP: 20/20 MP: 1/1
    46 | D:1      | Reached skill level 3 in Fighting
    97 | D:1      | Reached XP level 2. HP: 25/28 MP: 2/2
   260 | D:1      | Reached XP level 3. HP: 15/36 MP: 3/3
   574 | D:1      | Reached skill level 4 in Fighting
   885 | D:2      | Found a shimmering altar of Xom.
   885 | D:2      | Found an ancient bone altar of Kikubaaqudgha.
   885 | D:2      | Found a glowing silver altar of Zin.
   977 | D:2      | Reached XP level 4. HP: 37/45 MP: 4/4
  1385 | D:3      | Reached skill level 5 in Fighting
  1411 | D:3      | Reached XP level 5. HP: 39/52 MP: 5/5
  1524 | D:3      | Found a shattered altar of Ashenzari.
  1908 | D:3      | Gained mutation: You are agile. (Dex +2) [potion of mutation]
  1908 | D:3      | Gained mutation: You are resistant to electric shocks. [potion of mutation]
  1908 | D:3      | Gained mutation: Armour fits poorly on your strangely shaped body. [potion of mutation]
  2057 | D:4      | Found Hiruekk's Magic Scroll Emporium.
  2150 | D:4      | Noticed an ogre
  2156 | D:4      | HP: 2/52 [ogre/giant spiked club (19)]
  2156 | D:4      | Slain by an adder

Skill      XL: |  1  2  3  4 |
---------------+-------------+-----
Fighting       | 3 4 5 |  5.3
Axes           | |  2.1
Armour         | |  3.2
Shields        | |  3.2

Action                   |  1- 3 |  4- 6 || total
-------------------------+-------+-------++-------
Melee: War axe           |   135 |    94 ||   229
Evoke: Wand              |     1 |       ||     1
  Use: Potion            |     3 |     4 ||     7
       Scroll            |     1 |     3 ||     4
  Eat: Bread ration      |       |     1 ||     1
Armor: Scale mail        |    86 |    45 ||   131
Dodge: Dodged            |    66 |    36 ||   102
Block: Shield            |    99 |    49 ||   148
